 Dungeon Sprint DCSS version 0.23.2-1-ga50397a6bc (webtiles) character file.

Game seed: 12924865523974983894

1234 Kobolds4U the Fencer (level 8, -1/82 HPs)
             Began as a Minotaur Berserker on May 10, 2019.
             Was an Elder of Trog.
             Slain by a centaur warrior (13 damage)
             ... in the Dungeon (Sprint I: "Red Sonja").
             The game lasted 00:02:55 (1129 turns).

Kobolds4U the Fencer (Minotaur Berserker)           Turns: 1129, Time: 00:02:57

Health: -1/82      AC:  3    Str: 22    XL:     8   Next: 24%
Magic:  7/7        EV: 17    Int:  4    God:    Trog [****..]
Gold:   345        SH:  0    Dex: 12    Spells: 7/7 levels left

rFire    . . .     SeeInvis .   a - +0 falchion
rCold    . . .     Gourm    .   (no shield)
rNeg     . . .     Faith    .   j - +0 leather armour
rPois    .         Spirit   .   (helmet restricted)
rElec    .         Reflect  .   (no cloak)
rCorr    .         Harm     .   (no gloves)
MR       ++...     NoTele   +   (no boots)
Stlth    +.........             (no amulet)
HPRegen  1.23/turn              (no ring)
MPRegen  0.10/turn              (no ring)

@: very slightly contaminated, regenerating
A: retaliatory headbutt, horns 2
a: Berserk, Trog's Hand, Brothers in Arms, Renounce Religion


You were in the Dungeon.
You worshipped Trog.
Trog was greatly pleased with you.
You were not hungry.

You visited 1 branch You collected 416 gold pieces.
You spent 71 gold pieces at shops.

Inventory:

Hand Weapons
 a - a +0 falchion (weapon)
Armour
 j - a +0 leather armour (worn)
 k - a +1 robe of magic resistance
Scrolls
 m - a scroll of identify
Potions
 d - a potion of curing
 e - a potion of heal wounds
 f - a potion of haste
 g - 2 potions of magic
 h - a potion of berserk rage


   Skills:
 + Level 11.4 Fighting
 - Level 15.0 Long Blades
 - Level 2.4 Armour
 * Level 10.2 Dodging


You had 7 spell levels left.
You didn't know any spells.
Your spell library was empty.

Dungeon Overview and Level Annotations

Branches:
Dungeon (1/1)

Altars:
Cheibriados
Dithmenos
Elyvilon
Fedhas
Gozag
Hepliaklqana
Kikubaaqudgha
Makhleb
Nemelex Xobeh
Okawaru
Qazlal
Ru
Sif Muna
Trog
Uskayaw
Vehumet
Wu Jian
Xom
Yredelemnul
Zin
The Shining One
Jiyva
Lugonu

Shops:
D ?


Innate Abilities, Weirdness & Mutations

You reflexively headbutt those who attack you in melee.
You have a pair of horns on your head.


Message History

The centaur warrior is heavily wounded.
The centaur warrior misses you. The centaur warrior hits you.
You hit the centaur warrior.
The centaur warrior is heavily wounded.
You barely miss the centaur warrior.
The centaur warrior is heavily wounded.
The centaur warrior hits you. The centaur warrior hits you!
You hit the centaur warrior.
The centaur warrior is heavily wounded.
The centaur warrior hits you!
* * * LOW HITPOINT WARNING * * *
The centaur warrior hits you.
* * * LOW HITPOINT WARNING * * *
Your skin crawls.
You feel resistant to hostile enchantments.
You feel somewhat more hungry. The centaur warrior barely misses you.
The centaur warrior hits you.
* * * LOW HITPOINT WARNING * * *
The centaur warrior hits you!
You die...

######################***********
.[)..#..'..#__#..')..#,,*,,,,+,,,
).#..').#..'^.'..#)..#*+*,****,,,
####'#####'#__####...+,,*,*,***,,
###..#...#)####§§#####,,+,*+*,***
__####..##.#§≈§§c#,,**+****,,,*,*
_____##'#_§'≈§§§@+,,*,,,,,*,,,***
_.∩...'..._#§§§§c#,,*,,,,,+,,,,,*
_..__##_.#'##+####*+***,,,*,,,,,*
_____###+#.#,,,,***,+,*,,,***++**
######**,###*+***,***,*,,***,,***
,,,,,,+,,,+,,,,,+,∩**,*,,****,,**
+++****,,,***********,**+*,,*,,*,
,,,,****,***,,,,,,,**,**,*,,,,,,,
,,,,,*,*+*,*,,,,,,,,+,****,,,,,,,


You could see 2 centaur warriors.

Vanquished Creatures
  2 kobold demonologists (D)
  A slime creature (D)
  Sigmund (D)
  A yak (D)
  A floating eye (D)
  An ogre (D)
  A jelly (D)
  Ijyb (D)
9 creatures vanquished.

Notes
Turn   | Place    | Note
-------+----------+-------------------------------------------
     0 | D        | Kobolds4U the Minotaur Berserker began the quest for the
                  | Orb.
     0 | D        | Reached XP level 1. HP: 19/19 MP: 0/0
     1 | D        | Noticed Ijyb
    14 | D        | Killed Ijyb
    14 | D        | Reached skill level 5 in Fighting
    14 | D        | Reached skill level 6 in Long Blades
    14 | D        | Reached XP level 2. HP: 10/29 MP: 1/1
   219 | D        | Noticed an ogre
   221 | D        | Killed an ogre
   221 | D        | Reached skill level 8 in Long Blades
   221 | D        | Reached skill level 5 in Dodging
   221 | D        | Reached XP level 3. HP: 38/38 MP: 2/2
   221 | D        | Reached XP level 4. HP: 45/45 MP: 3/3
   256 | D        | Noticed Sigmund
   271 | D        | Killed Sigmund
   271 | D        | Reached ** piety under Trog
   271 | D        | Reached skill level 10 in Long Blades
   271 | D        | Reached XP level 5. HP: 16/53 MP: 4/4
   496 | D        | Found an ornate altar of the Wu Jian Council.
   496 | D        | Found a deep blue altar of Sif Muna.
   498 | D        | Found a radiant altar of Vehumet.
   501 | D        | Reached skill level 11 in Long Blades
   501 | D        | Reached XP level 6. HP: 45/62 MP: 5/5
   686 | D        | Found Uklo's Magic Scroll Emporium.
   686 | D        | Found an ancient bone altar of Kikubaaqudgha.
   686 | D        | Found a hazy altar of Hepliaklqana.
   686 | D        | Found a stormy altar of Qazlal.
   686 | D        | Found a hide-covered altar of Uskayaw.
   686 | D        | Found a blossoming altar of Fedhas.
   686 | D        | Found a bloodstained altar of Trog.
   686 | D        | Found an iron altar of Okawaru.
   686 | D        | Found a basalt altar of Yredelemnul.
   686 | D        | Found a glowing golden altar of the Shining One.
   686 | D        | Found a snail-covered altar of Cheibriados.
   686 | D        | Found a sacrificial altar of Ru.
   686 | D        | Found a glowing silver altar of Zin.
   686 | D        | Found a shadowy altar of Dithmenos.
   686 | D        | Found a white marble altar of Elyvilon.
   686 | D        | Noticed a yak
   694 | D        | Killed a yak
   694 | D        | Reached skill level 12 in Long Blades
   695 | D        | Found an opulent altar of Gozag.
   698 | D        | Found a sparkling altar of Nemelex Xobeh.
   758 | D        | Bought a scroll of magic mapping for 45 gold pieces
   758 | D        | Bought a scroll of identify for 26 gold pieces
   769 | D        | Found a viscous altar of Jiyva.
   769 | D        | Found a corrupted altar of Lugonu.
   769 | D        | Noticed a slime creature
   770 | D        | Found a burning altar of Makhleb.
   770 | D        | Found a shimmering altar of Xom.
   779 | D        | Killed a slime creature
   779 | D        | Reached *** piety under Trog
   779 | D        | Reached skill level 10 in Fighting
   779 | D        | Reached skill level 13 in Long Blades
   779 | D        | Reached XP level 7. HP: 20/72 MP: 6/6
  1024 | D        | Noticed a kobold demonologist
  1024 | D        | Noticed a kobold demonologist
  1033 | D        | Noticed a smoke demon
  1034 | D        | Killed a kobold demonologist
  1034 | D        | Reached skill level 14 in Long Blades
  1037 | D        | Noticed a chaos spawn
  1038 | D        | Killed a kobold demonologist
  1038 | D        | Reached **** piety under Trog
  1038 | D        | Reached skill level 15 in Long Blades
  1038 | D        | Reached skill level 10 in Dodging
  1038 | D        | Reached XP level 8. HP: 82/82 MP: 7/7
  1122 | D        | Noticed a centaur warrior
  1122 | D        | Noticed a centaur warrior
  1129 | D        | Slain by a centaur warrior

Skill      XL: |  1  2  3  4  5  6  7 |
---------------+----------------------+-----
Fighting       | 5 6 8 10 11 | 11.4
Long Blades    | 6 8 10 11 13 15 | 15.0
Dodging        | 3 5 7 8 10 | 10.2
Armour         | |  2.4

Action                   |  1- 3 |  4- 6 |  7- 9 || total
-------------------------+-------+-------+-------++-------
Melee: Falchion          |    13 |    33 |    18 ||    64
       Headbutt          |     4 |     8 |     8 ||    20
Invok: Berserk           |     1 |       |     1 ||     2
       Trog's Hand       |       |       |     1 ||     1
  Use: Scroll            |       |     1 |     1 ||     2
       Potion            |       |     1 |       ||     1
  Eat: Chunk             |       |       |     1 ||     1
       Ration            |       |       |     1 ||     1
Armor: Animal skin       |     4 |       |       ||     4
Dodge: Dodged            |     2 |    10 |     9 ||    21
       Rpst.: Falchion   |     1 |     3 |       ||     4
